 Dungeon Crawl Stone Soup version 0.29.0-7-g18a832c13a (webtiles) character file.

Game seed: 16733055112525822532

50300 sanka the Brawler (level 14, 0/150 HPs)
             Began as a Troll Cinder Acolyte on Aug 31, 2022.
             Was a High Priest of Okawaru.
             Slain by Jorgrun
             ... wielding a staff of earth
              (2 damage)
             ... on level 14 of the Dungeon.
             The game lasted 00:34:35 (14698 turns).

sanka the Brawler (Troll Cinder Acolyte)           Turns: 14698, Time: 00:34:35

Health: 0/150      AC: 15    Str: 25    XL:     14   Next: 19%
Magic:  0/16       EV:  4    Int: 10    God:    Okawaru [*****.]
Gold:   643        SH:  0    Dex:  9    Spells: 15/15 levels left

rFire   . . .      SeeInvis .     - Unarmed
rCold   . . .      Faith    .   (no shield)
rNeg    . . .      Spirit   +   N - +0 steam dragon scales
rPois   .          Reflect  .   (helmet restricted)
rElec   .          Harm     .   I - +2 cloak {rCorr}
rCorr   +          Rampage  .   (gloves unavailable)
Will    +....                   (boots unavailable)
Stlth   +++.......              S - amulet of guardian spirit
HPRegen 1.15/turn               (no ring)
MPRegen 0.15/turn               W - +4 ring of protection

@: about to teleport, heroic, petrifying, grasped by roots, constricted, very
slow
A: large, unfitting armour, claws 3, regeneration 1, shaggy fur 1, tough skin 1
a: Renounce Religion, Heroism, Finesse, Duel


You were on level 14 of the Dungeon.
You worshipped Okawaru.
Okawaru was extremely pleased with you.
You visited 2 branches of the dungeon, and saw 15 of its levels.
You also visited: Ossuary and Bailey.

You collected 1158 gold pieces.
You spent 515 gold pieces at shops.


Innate Abilities, Weirdness & Mutations

You are too large for most types of armour.
You have claws for hands.
Your natural rate of healing is unusually fast.
You are covered in fur. (AC +1)
You have tough skin. (AC +1)


   Skills:
 + Level 12.4(17.4) Fighting
 + Level 7.7(12.7) Dodging
 + Level 18.1(23.1) Unarmed Combat
 - Level 1.0 Spellcasting
 - Level 2.1 Fire Magic
 - Level 4.0 Invocations


You had 15 spell levels left.
You didn't know any spells.
Your spell library contained the following spells:

 Spells                   Type           Power      Damage    Failure   Level
 Scorch                   Fire           8%         2d5       22%         2
 Necrotise                Necr           0%         1d4       34%         1
 Slow                     Hex            0%         N/A       34%         1
 Sting                    Tmut/Pois      0%         1d3       34%         1
 Poisonous Vapours        Pois/Air       0%         N/A       45%         2
 Ignite Poison            Fire/Tmut/Pois 1%         N/A       61%         3
 Confusing Touch          Hex            0%         N/A       71%         3
 Dazzling Flash           Conj/Hex       0%         N/A       71%         3
 Gell's Gravitas          Tloc           0%         N/A       71%         3
 Lesser Beckoning         Tloc           0%         N/A       71%         3
 Mephitic Cloud           Conj/Pois/Air  0%         N/A       71%         3
 Teleport Other           Tloc           0%         N/A       71%         3
 Vampiric Draining        Necr           0%         2d6       71%         3
 Olgreb's Toxic Radiance  Pois           0%         N/A       98%         4
 Agony                    Necr           0%         N/A       100%        5
 Freezing Cloud           Conj/Ice/Air   0%         6-21      100%        5
 Silence                  Hex/Air        0%         N/A       100%        5
 Iron Shot                Conj/Erth      0%         9d1       100%        6
 Statue Form              Tmut/Erth      0%         N/A       100%        6
 Malign Gateway           Summ/Tloc      Unusable   N/A       N/A         7

Inventory:

Hand Weapons
 b - the +5 falchion of Pogoithe {flame, rElec rN+ rCorr Stlth-}

   It burns those it strikes, dealing additional fire damage.
   Big, fiery blades are also staple armaments of hydra-hunters.
   rElec:     It insulates you from electricity.
   rN:        It protects you from negative energy.
   rCorr:     It protects you from acid and corrosion.
   Stlth:     It makes you less stealthy.
 l - a +0 eveningstar
 Q - a +5 great sword
 R - a +1 scimitar of flaming
Missiles
 a - 7 javelins
 G - 34 large rocks (quivered) {=f}
 O - 2 throwing nets {=f}
Armour
 I - a +2 cloak of preservation (worn)
 N - +0 steam dragon scales (worn)
Jewellery
 h - a ring of resist corrosion
 q - the ring "Oxeoralo" {Will- EV+4 Int+7 Dex+3 Stlth+}

   [ring of evasion]

   EV:        It affects your evasion (+4).
   Int:       It affects your intelligence (+7).
   Dex:       It affects your dexterity (+3).
   Will:      It decreases your willpower.
   Stlth:     It makes you more stealthy.
 A - a ring of protection from cold
 H - an amulet of regeneration
 S - an amulet of guardian spirit (around neck)
 W - a +4 ring of protection (right claw)
Wands
 B - a wand of quicksilver (4)
 C - a wand of mindburst (19)
 M - a wand of iceblast (13)
 V - a wand of digging (7)
Scrolls
 d - 4 scrolls of teleportation {@r4}
 e - 4 scrolls of poison {!r}
 f - 2 scrolls of noise {!r}
 i - 8 scrolls of amnesia
 j - 3 scrolls of magic mapping
 k - 3 scrolls of vulnerability {!r}
 x - a scroll of silence {!r}
 y - 5 scrolls of enchant weapon
 D - 3 scrolls of immolation {!r}
 E - 2 scrolls of fear
 F - 7 scrolls of enchant armour
 J - 2 scrolls of acquirement {unknown}
 K - a scroll of identify {@r1}
 P - 3 scrolls of torment {!r}
 T - a scroll of brand weapon {unknown}
 U - a scroll of blinking
Potions
 c - 9 potions of curing {@q1}
 g - a potion of berserk rage {unknown}
 m - 4 potions of lignification {!q}
 n - 3 potions of magic {unknown}
 o - 6 potions of brilliance {unknown}
 p - 2 potions of resistance
 r - 4 potions of attraction {unknown}
 s - 3 potions of flight {unknown}
 t - 4 potions of degeneration {unknown}
 u - a potion of heal wounds {@q2}
 v - 6 potions of mutation {!q}
 w - a potion of cancellation {unknown}
 z - 5 potions of haste {@q3}
 L - 4 potions of might {unknown}

Dungeon Overview and Level Annotations

Branches:
Dungeon (14/15)            Temple (1/1) D:5            Lair (0/5) D:11
    Orc (0/2) D:12         Vaults (0/5) D:13        Ossuary (visited)
 Bailey (visited)

Altars:
Ashenzari
Cheibriados
Dithmenos
Elyvilon
Fedhas
Gozag
Hepliaklqana
Kikubaaqudgha
Makhleb
Nemelex Xobeh
Okawaru
Qazlal
Ru
Sif Muna
Trog
Uskayaw
Vehumet
Wu Jian
Xom
Yredelemnul
Zin
The Shining One

Shops:
D:1 *   D:3 *   D:6 *   D:9 *   D:11 (*:(

Annotations:
D:12 exclusion: downstairs
D:14 1 runed translucent door, Jaliuk's ghost, journeyman DECj; Jorgrun

▒....▒▒▒▒▒▒▒...▒▒▒▒'▒..........
..▒....▒.........'....▒......▒▒..
..▒....▒........▒.▒...▒......▒...
..▒....▒...▒▒▒▒▒▒.▒▒▒▒▒▒.....▒...
..▒....▒▒'▒▒~.........(▒.....▒▒▒▒
..▒........▒~~..(......▒▒▒▒▒.....
............~~~~...._).▒...▒.....
☼E▒........▒~~~g....♣..▒...▒.....
Eg'........▒~~~~T......▒...'.....
▒▒▒........▒~~~........▒...▒)....
...........▒~.........(▒...▒.....
...........▒▒▒▒▒▒▒▒▒▒.▒▒▒▒▒▒.....
...▒▒▒▒▒▒...........▒.▒▒▒........
...▒....'..........(.'..▒........
...▒....▒............▒..▒........
...▒▒▒▒▒▒............▒▒▒▒........
▒+▒▒..▒▒▒▒▒▒▒▒▒▒▒.........▒▒▒▒...


You could see Jorgrun.


Message History

You feel strangely unstable. Jorgrun gestures at you while chanting.
You struggle to resist.
The grasping roots constrict you.
Unknown command.
You mangle Jorgrun!!
Jorgrun is heavily wounded.
Jorgrun points at you and mumbles some strange words.
The iron shot misses you. The grasping roots constrict you!!
* * * LOW HITPOINT WARNING * * *
You miss Jorgrun.
Jorgrun is heavily wounded.
You barely miss Jorgrun.
Jorgrun is heavily wounded.
Jorgrun points at you and mumbles some strange words.
You are slowing down.
The grasping roots constrict you!
* * * LOW HITPOINT WARNING * * *
You closely miss Jorgrun.
Jorgrun is heavily wounded.
Jorgrun says, "A few more walls knocked out 'ere an' thar an' 'tis whole place will come crashin' down."
Jorgrun hits you but does no damage. Jorgrun shatters you!
* * * LOW HITPOINT WARNING * * *
The grasping roots constrict you.
You scratch Jorgrun.
Jorgrun is heavily wounded.
Jorgrun hits you with a staff of earth.
You die...

Action                   |  1- 3 |  4- 6 |  7- 9 | 10-12 | 13-15 || total
-------------------------+-------+-------+-------+-------+-------++-------
Melee: Unarmed           |   105 |    61 |   279 |   426 |   224 ||  1095
       Punch             |     2 |     2 |    13 |    41 |    37 ||    95
       Falchion          |       |       |       |     6 |    66 ||    72
Throw: Large rock        |       |       |       |       |     4 ||     4
Invok: Fiery Armour      |       |     1 |     1 |     7 |       ||     9
       Heroism           |       |       |       |     7 |    23 ||    30
Evoke: Wand              |       |       |       |       |     1 ||     1
  Use: Potion            |       |       |     1 |       |     7 ||     8
       Scroll            |       |       |       |    12 |     6 ||    18
 Stab: Sleeping          |     1 |     1 |     7 |     3 |       ||    12
       Distracted        |       |       |       |       |     1 ||     1
Armor: Robe              |    29 |    12 |    31 |       |       ||    72
       Steam dragon scal |       |       |    18 |   127 |    80 ||   225
Dodge: Dodged            |    38 |    23 |   145 |   249 |   222 ||   677

Levels and vault maps discovered:
D:1:      dpeg_arrival_lava_altar, layout_basic,
          hellmonk_ecumenical_altar_lost_god, serial_shops, shop
D:2:      wander_river, layout_basic, minmay_tetromino_t2
D:3:      layout_basic, grunt_temple_overflow_cloverleaf, serial_shops, shop
D:4:      layout_loops_ring, mainiacjoe_overflow_divided_tiny, enter_ossuary_1,
          serial_rivers, chequers_serial_rivers_micro_e,
          chequers_serial_rivers_micro_d, chequers_serial_rivers_micro_e,
          chequers_serial_rivers_marsh, chequers_serial_rivers_micro_b,
          uniq_natasha
D:5:      layout_basic, minmay_temple_entry_nine_rooms, uniq_eustachio,
          uniq_edmund, uniq_grinder
D:6:      layout_rooms, serial_glass, glass_columns_c, glass_columns_b,
          nicolae_elemental_shop
D:7:      layout_basic, enter_bailey_2
D:8:      layout_loops_corners, supply_closet_lemuel, roderic_three_in_a_row
D:9:      layout_loops_ring, nicolae_shop_overcharged_wands, uniq_erica,
          uniq_harold
D:10:     layout_rooms, bh_walls_and_bars
D:11:     layout_cave_pools, minmay_lair_entry_grove, minivault_11,
          minmay_shop_grid_forest
D:12:     hangedman_cross_veins, layout_loops_corners, orc_0_dummy, uniq_urug
D:13:     layout_cave_pools, lightli_vaults_fourway_checkpoint
D:14:     layout_gridville, hellmonk_ghost_happy_afterlife,
          nzn_wu_jian_contemplation, uniq_jorgrun, uniq_josephine, uniq_kirke,
          uniq_rupert
Temple:   kb_temple_of_zot

Notes
Turn   | Place    | Note
-------+----------+-------------------------------------------
     0 | D:1      | sanka the Troll Cinder Acolyte began the quest for the Orb.
     0 | D:1      | Reached XP level 1. HP: 22/22 MP: 1/1
    68 | D:1      | Found a faded altar of an unknown god.
   270 | D:1      | Reached XP level 2. HP: 29/29 MP: 2/2
   295 | D:1      | Found Welouwi's Assorted Antiques.
   356 | D:1      | Reached skill level 4 in Unarmed Combat
   639 | D:2      | Reached XP level 3. HP: 28/36 MP: 3/3
  1109 | D:3      | Found an ornate altar of the Wu Jian Council.
  1112 | D:3      | Found a sacrificial altar of Ru.
  1115 | D:3      | Found a bloodstained altar of Trog.
  1118 | D:3      | Found a shadowy altar of Dithmenos.
  1226 | D:3      | Reached XP level 4. HP: 34/44 MP: 4/4
  1363 | D:3      | Reached skill level 5 in Unarmed Combat
  1503 | D:3      | Found Ygruer's Assorted Antiques.
  1695 | D:1      | Bought a crude golden ring for 120 gold pieces
  1695 | D:1      | Identified the ring "Oxeoralo" {Will- EV+4 Int+7 Dex+3
                  | Stlth+} (You bought it in a shop on level 1 of the Dungeon)
  2128 | D:4      | Found a sand-covered staircase.
  2137 | Ossuary  | Entered an ossuary
  2153 | Ossuary  | Reached XP level 5. HP: 43/50 MP: 5/5
  2166 | Ossuary  | Reached skill level 6 in Unarmed Combat
  2189 | Ossuary  | Reached XP level 6. HP: 59/59 MP: 6/6
  2194 | Ossuary  | Reached skill level 7 in Unarmed Combat
  2222 | Ossuary  | Reached skill level 8 in Unarmed Combat
  2222 | Ossuary  | Reached XP level 7. HP: 64/66 MP: 7/7
  2265 | Ossuary  | Reached skill level 9 in Unarmed Combat
  2400 | Ossuary  | Reached XP level 8. HP: 74/74 MP: 8/8
  2434 | Ossuary  | Reached skill level 10 in Unarmed Combat
  2460 | Ossuary  | Reached skill level 3 in Fighting
  2572 | D:4      | Noticed Natasha
  2578 | D:4      | Killed Natasha
  2718 | D:4      | Noticed Natasha
  2722 | D:4      | Killed Natasha
  2942 | D:4      | Noticed Natasha
  2953 | D:4      | Killed Natasha
  2996 | D:4      | Found a snail-covered altar of Cheibriados.
  2996 | D:4      | Found a burning altar of Makhleb.
  3303 | D:5      | Entered Level 5 of the Dungeon
  3369 | D:5      | Reached skill level 4 in Fighting
  3400 | D:5      | Noticed Grinder
  3418 | D:5      | Killed Grinder
  3431 | D:5      | Reached skill level 11 in Unarmed Combat
  3514 | D:5      | Found a staircase to the Ecumenical Temple.
  3542 | D:5      | Noticed Edmund
  3545 | D:5      | Identified the +5 falchion of Pogoithe {flame, rElec rN+
                  | rCorr Stlth-}
  3554 | D:5      | Killed Edmund
  3555 | D:5      | Reached XP level 9. HP: 66/85 MP: 9/9
  3819 | D:5      | Reached skill level 5 in Fighting
  4035 | D:5      | Noticed Eustachio
  4044 | D:5      | Killed Eustachio
  4302 | Temple   | Entered the Ecumenical Temple
  4453 | D:6      | Found Puejaer's Elemental Accessories.
  4590 | D:6      | Reached skill level 6 in Fighting
  4811 | D:6      | Reached skill level 12 in Unarmed Combat
  4990 | D:7      | Identified +0 steam dragon scales
  5060 | D:7      | Found a flagged portal.
  5107 | Bailey   | Entered a bailey
  5311 | Bailey   | Reached skill level 9 in Fighting
  5311 | Bailey   | Reached skill level 14 in Unarmed Combat
  5311 | Bailey   | Reached XP level 10. HP: 107/107 MP: 10/10
  5392 | Bailey   | Reached XP level 11. HP: 87/115 MP: 11/11
  5500 | Bailey   | Noticed an orc knight
  5510 | Bailey   | Killed an orc knight
  6285 | D:8      | Noticed a two-headed ogre
  6297 | D:8      | Killed a two-headed ogre
  6936 | D:9      | Noticed Harold
  6945 | D:9      | Killed Harold
  6946 | D:9      | Reached skill level 10 in Fighting
  6954 | D:9      | Got the Secrets of Allies and Stones
  7109 | D:9      | Found Quekuets's Overcharged Wands.
  7112 | D:9      | Noticed Erica
  7122 | D:9      | Reached skill level 1 in Invocations
  7125 | D:9      | Reached skill level 1 in Dodging
  7131 | D:9      | Killed Erica
  7132 | D:9      | Reached skill level 2 in Invocations
  7171 | D:9      | Reached skill level 2 in Dodging
  7190 | D:9      | Reached skill level 3 in Invocations
  7370 | D:9      | Reached skill level 3 in Dodging
  7669 | D:9      | Identified +0 steam dragon scales
  7844 | D:3      | Bought a potion of haste for 180 gold pieces
  7948 | D:1      | Found a white marble altar of Elyvilon.
  8141 | D:10     | Entered Level 10 of the Dungeon
  8155 | D:11     | Noticed a two-headed ogre
  8164 | D:11     | Killed a two-headed ogre
  8165 | D:11     | Reached skill level 4 in Invocations
  8169 | D:11     | Reached skill level 4 in Dodging
  8169 | D:11     | Reached XP level 12. HP: 116/126 MP: 12/14
  8184 | D:11     | Reached skill level 5 in Dodging
  8198 | D:11     | Noticed a boulder beetle
  8377 | Temple   | Fell from the grace of Ignis
  8377 | Temple   | Became a worshipper of Warmaster Okawaru
  8672 | D:10     | Noticed a two-headed ogre
  8691 | D:10     | Killed a two-headed ogre
  8966 | D:10     | Noticed a two-headed ogre
  8973 | D:10     | Killed a two-headed ogre
  8973 | D:10     | Reached * piety under Okawaru
  8974 | D:10     | Reached skill level 6 in Dodging
  9133 | D:10     | Reached skill level 15 in Unarmed Combat
  9143 | D:11     | Found Igaoshry's Antique Weapon Emporium.
  9147 | D:11     | Noticed a boulder beetle
  9163 | D:10     | Killed a boulder beetle
  9206 | D:11     | Found Jeow's Book Emporium.
  9212 | D:11     | Found Imosiv's Weapon Emporium.
  9217 | D:11     | Found Zyibb's General Store.
  9227 | D:11     | Bought a scroll of identify for 20 gold pieces
  9227 | D:11     | Bought a potion of lignification for 30 gold pieces
  9227 | D:11     | Bought a +0 cloak for 45 gold pieces
  9248 | D:11     | Bought a potion of mutation for 80 gold pieces
  9248 | D:11     | Bought a scroll of immolation for 40 gold pieces
  9273 | D:11     | Killed a boulder beetle
  9298 | D:11     | Noticed a boulder beetle
  9309 | D:11     | Killed a boulder beetle
  9309 | D:11     | Reached ** piety under Okawaru
  9507 | D:11     | Found a staircase to the Lair.
  9784 | D:12     | Found a staircase to the Orcish Mines.
 10016 | D:12     | Noticed Urug
 10028 | D:12     | Killed Urug
 10106 | D:12     | Noticed a five-headed hydra
 10114 | D:12     | Noticed a boulder beetle
 10126 | D:12     | Killed a boulder beetle
 10127 | D:12     | Reached skill level 11 in Fighting
 10133 | D:12     | Killed a one-headed hydra
 10196 | D:12     | Reached *** piety under Okawaru
 10220 | D:12     | Reached skill level 16 in Unarmed Combat
 10223 | D:12     | Noticed a boulder beetle
 10233 | D:12     | Noticed a spark wasp
 10233 | D:12     | a goliath frog changed into a spark wasp
 10237 | D:12     | Noticed an alligator
 10237 | D:12     | a spark wasp changed into an alligator
 10239 | D:12     | Noticed a radroach
 10239 | D:12     | an alligator changed into a radroach
 10243 | D:12     | Killed a boulder beetle
 10246 | D:12     | Noticed an anaconda
 10246 | D:12     | a radroach changed into an anaconda
 10250 | D:12     | Noticed a broodmother
 10250 | D:12     | an anaconda changed into a broodmother
 10252 | D:12     | Noticed a great orb of eyes
 10252 | D:12     | a broodmother changed into a great orb of eyes
 10254 | D:12     | Killed a great orb of eyes
 10254 | D:12     | Reached **** piety under Okawaru
 10255 | D:12     | Reached XP level 13. HP: 62/137 MP: 13/15
 10370 | D:12     | Was forgiven by Ignis
 10501 | D:12     | Received a gift from Okawaru
 10814 | D:12     | HP: 8/139 [two-headed ogre/+0 giant club (15)]
 11612 | D:12     | Reached ***** piety under Okawaru
 11768 | D:12     | Received a gift from Okawaru
 11769 | D:12     | Reached skill level 12 in Fighting
 12273 | D:12     | Reached skill level 17 in Unarmed Combat
 12790 | D:12     | Identified the +2 robe of Impatience {Str+6} (Okawaru
                  | gifted it to you on level 12 of the Dungeon)
 12790 | D:12     | Received a gift from Okawaru
 12791 | D:12     | Reached skill level 7 in Dodging
 13507 | D:13     | Found a gate to the Vaults.
 13599 | D:14     | Noticed Jaliuk's ghost (journeyman DECj)
 13600 | D:14     | Found a runed translucent door.
 13713 | D:14     | Noticed Josephine
 13732 | D:14     | Killed Josephine
 13793 | D:14     | Reached XP level 14. HP: 144/150 MP: 14/16
 14206 | D:14     | Noticed Kirke
 14215 | D:14     | Killed Kirke
 14311 | D:14     | Reached skill level 18 in Unarmed Combat
 14387 | D:14     | Found an ornate altar of the Wu Jian Council.
 14417 | D:14     | Noticed Rupert
 14432 | D:14     | Killed Rupert
 14653 | D:14     | Noticed Jorgrun
 14694 | D:14     | HP: 14/150 [constriction (18)]
 14697 | D:14     | HP: 1/150 [Jorgrun/staff of earth (8)]
 14698 | D:14     | Slain by Jorgrun

Vanquished Creatures
  Rupert (D:14)
  Kirke (D:14)
  Josephine (D:14)
  A great orb of eyes (shapeshifter) (D:12)
  An ice dragon (D:12)
  4 vault guards (D:12)
  Harold (D:9)
  3 hydras (D:12)
  Erica (D:9)
  2 centaur warriors
  8 boulder beetles
  6 two-headed ogres
  2 tengu warriors
  Urug (D:12)
  5 skeletal warriors (D:12)
  A wizard (D:12)
  An orc knight (Bailey)
  3 ugly things
  A moth of wrath (shapeshifter) (D:12)
  5 manticores
  7 cyclopes
  2 gargoyles
  An unseen horror (D:12)
  A cane toad (shapeshifter) (D:12)
  A kobold demonologist (D:12)
  2 komodo dragons
  2 tengu conjurers (D:12)
  A troll (shapeshifter) (D:13)
  2 hornets
  Grinder (D:5)
  A troll (D:13)
  2 shadows
  A wyvern (D:11)
  3 vampires
  5 humans (D:14)
  7 wraiths
  Eustachio (D:5)
  19 fire elementals
  7 yaks
  2 vampire mosquitoes (D:12)
  3 steam dragons
  Edmund (D:5)
  3 water moccasins
  2 acid dragons (D:12)
  15 orc warriors
  3 hornet zombies (Ossuary)
  2 ice beasts
  2 sky beasts
  5 centaurs
  2 ogres (D:6)
  2 bullfrogs
  2 necrophages
  3 wyvern zombies (Ossuary)
  3 gnoll sergeants
  4 scorpions
  A water moccasin zombie (Ossuary)
  13 wights
  24 killer bees
  6 howler monkeys
  4 bullfrog zombies (Ossuary)
  5 centaur zombies (Ossuary)
  2 jellies
  An orc priest (D:9)
  6 orc wizards
  Natasha (thrice) (D:4)
  2 iguanas
  15 mummies (Ossuary)
  3 killer bee zombies (Ossuary)
  23 gnolls
  3 adders
  2 white imps
  An ufetubus (D:5)
  A worm (D:5)
  5 dart slugs
  41 orcs
  4 endoplasms
  4 giant cockroaches
  3 goblins
  2 hobgoblins (D:2)
  6 jackals
  3 quokkas
  7 ball pythons
  7 bats
  2 frilled lizards (D:1)
  A kobold (D:3)
  2 rats
371 creatures vanquished.

Vanquished Creatures (collateral kills)
  3 yaks (D:11)
  3 wyverns (D:11)
  3 water moccasins (D:11)
  A scorpion (D:11)
  2 killer bees (D:11)
  3 orc priests (D:11)
  2 orc wizards (D:11)
17 creatures vanquished.

Vanquished Creatures (others)
  2 bullfrogs
  2 fungi (D:11)
  6 plants (D:11)
  3 withered plants (Ossuary)
13 creatures vanquished.

Grand Total: 401 creatures vanquished
